 Dungeon Crawl Stone Soup version 0.30.1 (webtiles) character file.

Game seed: 4506281575223798605

14014 cdecastro the Thaumaturge (level 12, -2/96 HPs)
             Began as a Djinni Ice Elementalist on July 12, 2023.
             Was a Follower of Ashenzari.
             Slain by a harpy simulacrum (5 damage)
             ... in an ice cave.
             The game lasted 00:40:00 (11325 turns).

cdecastro the Thaumaturge (DjIE)                   Turns: 11325, Time: 00:40:02

Health: -2/96      AC: 10    Str:  7    XL:     12   Next: 39%
Gold:   316        EV: 17    Int: 21    God:    Ashenzari [*.....] SH:  3 Dex: 15

rFire   + + .        b - +4 spear "Cyontauc" {freeze, rC++}
rCold   + + .        L - +0 buckler {rC+}
rNeg    . . .        G - +0 steam dragon scales
rPois   ∞            J - +1 helmet
rElec   .            C - +1 cloak of the Tethered Sorrow {Self, Melee} (curse)
rCorr   .            n - +0 pair of gloves of Star-Bound Wisdom {Self, Cun} (curse)
SInv    .            (boots unavailable)
Will    ++...        l - amulet of the acrobat
Stlth   ++           g - +5 ring of evasion
HPRegen 0.36/turn    y - ring of Taveucar {Wiz Will+}
MPRegen 0.00/turn

%: acrobat, wizardry (x1), infuse magic (-3 HP)
@: flying
A: sickness immunity, fire resistance 2, cold vulnerability 1, float, innate
caster, HP casting, extra vitality 1
a: Renounce Religion, Curse Item, Shatter the Chains


You were in an ice cave.
You worshipped Ashenzari.
Ashenzari was aware of your devotion.
You visited 2 branches of the dungeon, and saw 12 of its levels.
You also visited: Ice Cave.

You collected 316 gold pieces.

Inventory:

Hand Weapons
 a - a +2 dagger of venom
 b - the +4 spear "Cyontauc" (weapon) {freeze, rC++}
   (You found it on level 2 of the Dungeon)

   rC:        It greatly protects you from cold.
Missiles
 q - 20 poisoned darts
 H - 5 curare-tipped darts
Armour
 n - the cursed +0 pair of gloves of Star-Bound Wisdom (worn) {Self, Cun}
   (You found it on level 2 of the Dungeon)

   It has a curse which improves the following skills: Introspection: Fighting
   and Spellcasting.
   Cunning:   Dodging and Stealth.
 v - a +0 troll leather armour
 C - the cursed +1 cloak of the Tethered Sorrow (worn) {Self, Melee}
   (You took it off Crazy Yiuf on level 5 of the Dungeon)

   It has a curse which improves the following skills: Introspection: Fighting
   and Spellcasting.
   Melee Combat: Short Blades, Long Blades, Axes, Maces & Flails, Polearms,
   Staves and Unarmed Combat.
 G - +0 steam dragon scales (worn)
 J - a +1 helmet (worn)
 L - a +0 buckler of cold resistance (worn)
Jewellery
 c - a ring of protection from fire
 g - a +5 ring of evasion (left hand)
 l - an amulet of the acrobat (around neck)
 p - a ring of protection from fire
 y - the ring of Taveucar (right hand) {Wiz Will+}
   (You acquired it on level 9 of the Dungeon)

   [ring of wizardry]

   It improves your spell success rate.
   Will:      It increases your willpower.
Wands
 k - a wand of polymorph (35)
 K - a wand of acid (4)
Scrolls
 d - 3 scrolls of fear
 e - 3 scrolls of immolation
 f - 4 scrolls of magic mapping
 h - a scroll of silence
 m - 2 scrolls of noise
 u - 2 scrolls of vulnerability
 w - a scroll of poison
 x - 2 scrolls of enchant weapon
 A - 5 scrolls of teleportation
 B - a scroll of torment
 E - a scroll of fog
Potions
 i - a potion of haste
 j - 5 potions of heal wounds
 o - 10 potions of curing
 r - a potion of lignification
 s - 3 potions of brilliance
 t - a potion of attraction
 z - 3 potions of flight
 D - 2 potions of berserk rage
 F - 2 potions of cancellation
 I - a potion of might


   Skills:
 + Level 11.1(12.3) Fighting
 - Level 2.1(2.8) Dodging
 - Level 1.5(2.1) Stealth
 * Level 12.6(13.7) Spellcasting


You knew the following spells:

 Your Spells              Type           Power      Damage    Failure   Level
a - Freeze                Ice            100%       1d10      1%          1
b - Frozen Ramparts       Ice            100%       1d16      1%          3
c - Ozocubu's Armour      Ice            64%        N/A       1%          3
d - Summon Ice Beast      Ice/Summ       64%        N/A       1%          4
e - Magic Dart            Conj           100%       1d8       1%          1
f - Poisonous Vapours     Pois/Air       100%       N/A       1%          2
g - Tukima's Dance        Hex            64%        N/A       1%          3
h - Vampiric Draining     Necr           64%        2d10      1%          3
i - Summon Mana Viper     Hex/Summ       64%        N/A       1%          5
Your spell library was empty.

Dungeon Overview and Level Annotations

Branches:
Dungeon (12/15)            Temple (1/1) D:5            Lair (0/5) D:9
    Orc (0/2) D:9           IceCv (1/1)

Altars:
Ashenzari
Cheibriados
Elyvilon
Gozag
Hepliaklqana
Makhleb
Nemelex Xobeh
Okawaru
Qazlal
Ru
Trog
Uskayaw
Wu Jian
Yredelemnul
Zin
The Shining One

Portals:
Abyss: D:4

Annotations:
D:3 2 transporters, exclusion: ogre, SNESPrime's ghost, weakling DrBe
D:4 2 transporters, Gadrel's ghost, weakling DgDe
D:12 Fannar IceCv exclusions: 2 ice statues and reaper


Innate Abilities, Weirdness & Mutations

You are immune to sickness and miasma.
You are immune to poison.
Your flesh is very heat resistant. (rF++)
You are vulnerable to cold. (rC-)
You float through the air rather than walking.
You learn spells naturally, not from books.
Your magical power is your life essence.
You have superior vitality. (+4 MHP)


Message History

* * * LOW HITPOINT WARNING * * *
The harpy simulacrum claws you!
* * * LOW HITPOINT WARNING * * *
The harpy simulacrum freezes you. You resist.
* * * LOW HITPOINT WARNING * * *
The harpy simulacrum misses you.
You block the harpy simulacrum's attack. x2
Your ice beast hits the ice devil but does no damage.
The ice devil hits you.
* * * LOW HITPOINT WARNING * * *
The ice devil freezes you. You resist.
* * * LOW HITPOINT WARNING * * *
Unknown command.
Unknown command.
Okay, then.
Unknown command.
Press: ? - help, v - describe, . - travel
Here: a harpy simulacrum The floor.
Okay, then.
Unknown command.
Okay, then.
Unknown command.
Okay, then.
Unknown command.
Unknown command.
As you read the scroll of fear, it crumbles to dust.
You assume a fearsome visage.
The ice devil resists with some effort.
The ice devil looks frightened!
The wolf simulacrum is unaffected.
The harpy simulacrum is unaffected.
The harpy simulacrum claws you but does no damage.
The harpy simulacrum closely misses you.
The harpy simulacrum claws you!
* * * LOW HITPOINT WARNING * * *
The harpy simulacrum freezes you. You resist.
* * * LOW HITPOINT WARNING * * *
The harpy simulacrum claws you.
* * * LOW HITPOINT WARNING * * *
The harpy simulacrum freezes you. You resist.
You die...

###....###
##........###
##....###....##
#...###.###...###
#...##....####..##
####..##.....##...#
##.#............###..#
#.........##..)##.S.##
....##.#########@..##
..###≈≈≈# ###Z4Y## #
#≈≈≈######.4Z###
###.........##
###.........☼.#
###....##......§§§#
#.....##..####.§§§..#
....#....§§..#§○4§..Z#
....###.☼§○§○##..≈§...


You could see 2 ice devils, a wolf simulacrum, a harpy simulacrum, a friendly
mana viper (summoned) and a friendly ice beast (summoned).

Vanquished Creatures
  A catoblepas (D:9)
  2 two-headed ogres (D:8)
  Sonja (D:11)
  A rime drake (D:9)
  A hornet (D:9)
  3 wyverns
  Sigmund (D:3)
  A yak (D:8)
  A wraith (D:11)
  A steam dragon (D:8)
  An acid dragon (D:8)
  Edmund (D:5)
  An orc warrior (D:11)
  A sky beast (D:6)
  An ice beast (D:9)
  3 black bears
  5 centaurs
  4 ogres
  A wolf (D:9)
  A phantom (D:6)
  Blork the orc (D:5)
  A bullfrog (D:6)
  2 kobold brigands
  A gnoll sergeant (D:11)
  2 scorpions
  A wight (D:9)
  10 killer bees (D:8)
  6 howler monkeys
  5 orc priests
  5 hounds
  3 jellies
  Crazy Yiuf (D:5)
  Jessica (D:3)
  5 iguanas
  Natasha (thrice) (D:3)
  6 orc wizards
  A spriggan simulacrum (IceCv)
  4 gnolls
  6 adders
  A shadow imp (D:4)
  2 white imps (IceCv)
  A worm (D:4)
  2 dart slugs
  25 orcs
  6 ball pythons
  2 bats (D:3)
  5 endoplasms
  2 giant cockroaches
  4 goblins
  4 hobgoblins
  4 quokkas
  3 frilled lizards
  18 kobolds
  7 rats
182 creatures vanquished.

Vanquished Creatures (collateral kills)
  Josephine (D:11)
  A hydra (D:9)
  6 ice devils
  A freezing wraith (IceCv)
  2 polar bears (D:9)
  A troll (D:11)
  5 wraiths
  2 yaks (D:9)
  A death yak simulacrum (IceCv)
  A hydra simulacrum (IceCv)
  A water moccasin (D:9)
  7 ice beasts
  A kobold brigand (D:9)
  2 two-headed ogre simulacra (IceCv)
  A gnoll sergeant (D:9)
  A bullfrog (D:9)
  8 wights
  2 elephant simulacra (IceCv)
  A howler monkey (D:9)
  A spriggan simulacrum (IceCv)
  2 gnolls (D:11)
  A naga simulacrum (IceCv)
  A white imp (IceCv)
  3 ufetubi (IceCv)
  2 orcs
55 creatures vanquished.

Vanquished Creatures (others)
  A wizard (D:8)
  2 dancing weapons
3 creatures vanquished.

Grand Total: 240 creatures vanquished

Notes
Turn   | Place    | Note
-------+----------+-------------------------------------------
     0 | D:1      | cdecastro the Djinni Ice Elementalist began the quest for
                  | the Orb.
     0 | D:1      | cdecastro set off with the following spells memorised:
                  | Freeze, Frozen Ramparts, Ozocubu's Armour, Summon Ice
                  | Beast.
     0 | D:1      | Reached XP level 1. HP: 15/15 MP: 0/0
   144 | D:1      | Reached XP level 2. HP: 18/22 MP: 0/0
   360 | D:1      | Reached skill level 1 in Fighting
   729 | D:2      | Reached XP level 3. HP: 20/27 MP: 0/0
   729 | D:2      | Learned a level 1 spell: Magic Dart
   898 | D:2      | Identified the +4 spear "Cyontauc" {freeze, rC++}
  1511 | D:3      | Noticed Natasha
  1518 | D:3      | Killed Natasha
  1519 | D:3      | Reached skill level 4 in Spellcasting
  1519 | D:3      | Reached XP level 4. HP: 22/33 MP: 0/0
  1585 | D:3      | Identified the +3 hand axe of Citaj {antimagic, rN+ Will-
                  | Int-4 Dex+9}
  1640 | D:3      | Noticed Jessica
  1651 | D:3      | Killed Jessica
  1754 | D:3      | Noticed SNESPrime's ghost (weakling DrBe)
  1756 | D:3      | Found a transporter.
  1788 | D:3      | Noticed an ogre
  1824 | D:3      | Noticed Sigmund
  1845 | D:3      | Found a transporter.
  2050 | D:3      | Reached XP level 5. HP: 38/38 MP: 0/0
  2050 | D:3      | Learned a level 2 spell: Poisonous Vapours
  2255 | D:3      | Noticed Natasha
  2275 | D:3      | Killed Natasha
  2602 | D:3      | Noticed Natasha
  2668 | D:3      | Killed Sigmund
  2669 | D:3      | Reached skill level 5 in Spellcasting
  2669 | D:3      | Reached XP level 6. HP: 41/46 MP: 0/0
  2767 | D:3      | Killed Natasha
  3376 | D:4      | Noticed an ogre
  3395 | D:4      | Killed an ogre
  3396 | D:4      | Reached XP level 7. HP: 45/51 MP: 0/0
  3396 | D:4      | Learned a level 3 spell: Tukima's Dance
  3724 | D:4      | Found a transporter.
  3748 | D:4      | Found a transporter.
  3753 | D:4      | Found a one-way gate to the infinite horrors of the Abyss.
  3756 | D:4      | Noticed Gadrel's ghost (weakling DgDe)
  3837 | D:4      | Reached skill level 6 in Spellcasting
  3924 | D:5      | Entered Level 5 of the Dungeon
  3932 | D:5      | Reached XP level 8. HP: 56/58 MP: 0/0
  4037 | D:5      | Found a runed translucent door.
  4038 | D:5      | Noticed Crazy Yiuf
  4122 | D:5      | Noticed Edmund
  4143 | D:5      | Killed Edmund
  4229 | D:5      | Reached skill level 5 in Fighting
  4587 | D:5      | Noticed Blork the orc
  4604 | D:5      | Killed Blork the orc
  4900 | D:5      | Found a staircase to the Ecumenical Temple.
  4907 | Temple   | Entered the Ecumenical Temple
  4995 | Temple   | Became a worshipper of Ashenzari the Shackled
  5102 | D:5      | Reached skill level 7 in Spellcasting
  5335 | D:5      | Killed Crazy Yiuf
  5390 | D:6      | Reached XP level 9. HP: 49/66 MP: 0/0
  5390 | D:6      | Learned a level 3 spell: Vampiric Draining
  5882 | D:6      | Reached skill level 8 in Spellcasting
  7018 | D:7      | Found an opulent altar of Gozag.
  7356 | D:8      | Reached XP level 10. HP: 69/76 MP: 0/0
  7427 | D:8      | Reached skill level 9 in Spellcasting
  7656 | D:8      | Noticed a two-headed ogre
  7678 | D:8      | Killed a two-headed ogre
  7939 | D:8      | Noticed a two-headed ogre
  7964 | D:8      | Killed a two-headed ogre
  7965 | D:8      | Reached skill level 10 in Spellcasting
  8015 | D:8      | Found a bloodstained altar of Trog.
  8016 | D:8      | Noticed a wizard
  8021 | D:8      | Killed a wizard
  8550 | D:9      | Reached * piety under Ashenzari
  8550 | D:9      | Identified a scroll of acquirement
  8589 | D:9      | Acquired the ring of Taveucar {Wiz Will+}
  8721 | D:9      | Reached XP level 11. HP: 75/85 MP: 0/0
  8721 | D:9      | Learned a level 5 spell: Summon Mana Viper
  8828 | D:9      | Noticed a four-headed hydra
  9012 | D:9      | Reached skill level 11 in Spellcasting
  9032 | D:9      | Killed a four-headed hydra
  9090 | D:9      | Noticed a catoblepas
  9100 | D:9      | Killed a catoblepas
  9101 | D:9      | Reached skill level 10 in Fighting
  9205 | D:9      | Found a staircase to the Lair.
  9213 | D:9      | Found a staircase to the Orcish Mines.
  9543 | D:9      | You are sucked into a shaft and drop 3 floors!
  9544 | D:12     | Noticed Fannar
  9735 | D:11     | Noticed Sonja
  9747 | D:11     | Killed Sonja
  9816 | D:11     | Found a frozen archway.
  9816 | D:11     | Noticed Josephine
  9827 | D:11     | Killed Josephine
  9828 | D:11     | Reached skill level 12 in Spellcasting
  9828 | D:11     | Reached XP level 12. HP: 76/95 MP: 0/0
 10059 | IceCv    | Entered an ice cave
 10916 | IceCv    | Identified the ring of Peace {rF+ rC+ SInv Stlth+}
 10916 | IceCv    | Noticed a reaper
 11325 | IceCv    | HP: 3/96 [harpy simulacrum (3)]
 11325 | IceCv    | Slain by a harpy simulacrum

Illustrated notes

Levels and vault maps discovered:
D:1:      dpeg_arrival_round_c, layout_basic, minmay_quantized
D:2:      layout_loops_cross
D:3:      layout_loops_corners, gammafunk_ghost_mausoleum, minmay_distorted,
          uniq_jessica, uniq_natasha, uniq_sigmund
D:4:      layout_basic, vehumet_crystals, gammafunk_ghost_abyssal_escape
D:5:      layout_loops_ring, minmay_temple_entry_overgrown, minivault_19,
          uniq_crazy_yiuf_cottage, uniq_blork_the_orc, uniq_edmund
D:6:      layout_basic, hangedman_abyss_or_decor_passed,
          minmay_misc_feat_columns
D:7:      layout_rooms, general_overflow_altar, serial_bayou_pond_a
D:8:      layout_basic, trog_wizard
D:9:      nzn_winding_woodlands_small
          [nzn_winding_woodlands_5x15_pathside_ponds,
          nzn_winding_woodlands_center_diamonds,
          nzn_winding_woodlands_5x15_eye], layout_loops_ring,
          hellmonk_lair_entry_icy, orc_0_dummy
D:11:     layout_basic, portal_ice_cave_demonic_guard, serial_shops,
          kennysheep_mini, uniq_sonja, uniq_josephine
D:12:     layout_rooms, ebering_ghost_gozag, uniq_fannar
Temple:   lightli_temple_of_artemis
IceCv:    ice_cave_small_demon

Skill      XL: |  1  2  3  4  5  6  7  8  9 10 11 12 |
---------------+-------------------------------------+-----
Fighting       | 1 2 3 4 5 7 9 10 11 | 11.1
Spellcasting   | 4 5 6 7 8 10 12 | 12.6
Dodging        | |  2.1
Stealth        | |  1.5

Action                     |  1- 3 |  4- 6 |  7- 9 | 10-12 || total
---------------------------+-------+-------+-------+-------++-------
  Melee: Dagger            |    14 |    24 |    37 |    11 ||    86
         Punch             |       |       |     1 |       ||     1
         Spear             |       |       |       |    48 ||    48
   Cast: Freeze            |    39 |    19 |     4 |       ||    62
         Poisonous Vapours |       |    37 |   124 |    60 ||   221
         Magic Dart        |       |     7 |    15 |    48 ||    70
         Frozen Ramparts   |       |       |    22 |    15 ||    37
         Ozocubu's Armour  |       |       |     7 |     3 ||    10
         Tukima's Dance    |       |       |     1 |    12 ||    13
         Summon Ice Beast  |       |       |     1 |    31 ||    32
         Vampiric Draining |       |       |       |    18 ||    18
         Summon Mana Viper |       |       |       |    41 ||    41
 Invoke: Curse Item        |       |       |     1 |     1 ||     2
    Use: Scroll            |       |       |     8 |     2 ||    10
   Stab: Sleeping          |     2 |       |       |       ||     2
         Distracted        |       |       |       |     2 ||     2
 Armour: Robe              |     5 |     8 |    10 |       ||    23
         Steam dragon scal |       |       |       |    18 ||    18
  Dodge: Dodged            |    27 |    33 |    79 |   123 ||   262
  Block: Buckler           |       |       |       |     2 ||     2
